 Dungeon Crawl Stone Soup version 0.21-a0-518-g43a1781 (webtiles) character file.

36 luca467 the Slasher (level 3, -3/29 HPs)
             Began as a Mummy Chaos Knight on Dec 4, 2017.
             Slain by a shadow (10 damage)
             ... summoned by the capriciousness of Xom
             ... on level 1 of the Dungeon.
             The game lasted 00:03:12 (681 turns).

luca467 the Slasher (Mummy Chaos Knight)             Turns: 681, Time: 00:03:13

Health: -3/29      AC:  5    Str: 15    XL:     3   Next: 19%
Magic:  3/3        EV: 11    Int: 11    God:    Xom [...*..]
Gold:   33         SH:  0    Dex: 12    Spells: 2/2 levels left

rFire    x . .     SeeInvis .   a - +0 falchion (chaos)
rCold    + . .     Gourm    .   (no shield)
rNeg     + + +     Faith    .   b - +2 leather armour
rPois    ∞         Spirit   .   (no helmet)
rElec    .         Reflect  .   (no cloak)
rCorr    .         Harm     .   (no gloves)
MR       .....                  (no boots)
Stlth    +.........             (no amulet)
HPRegen  0.09/turn              (no ring)
MPRegen  0.08/turn              (no ring)

@: no status effects
A: no food or potions, fire vulnerability, cold resistance 1, negative energy
resistance 3, torment resistance, unbreathing
a: Renounce Religion


You were on level 1 of the Dungeon.
You worshipped Xom.
You were a favourite toy of Xom.
You were not hungry.

You visited 1 branch of the dungeon, and saw 1 of its levels.

You collected 33 gold pieces.

Inventory:

Hand Weapons
 a - a +0 falchion of chaos (weapon)
Missiles
 d - 19 stones (quivered)
Armour
 b - a +2 leather armour (worn)
Scrolls
 c - a scroll of identify {unknown}
 e - 2 scrolls of remove curse {unknown}
 f - a scroll of enchant weapon {unknown}
 g - a scroll of teleportation {unknown}


   Skills:
 + Level 3.2 Fighting
 * Level 3.4 Long Blades
 - Level 1.5 Armour
 - Level 0.7 Dodging


You had 2 spell levels left.
You didn't know any spells.

Dungeon Overview and Level Annotations

Branches:
Dungeon (1/15)

Altars:


Innate Abilities, Weirdness & Mutations

You do not eat or drink.
Your flesh is vulnerable to fire.
You are immune to poison.
Your flesh is cold resistant. (rC+)
You are immune to negative energy. (rN+++)
You are immune to unholy pain and torment.
You can survive without breathing.


Message History

You hit the dart slug.
The dart slug seems to speed up.
The dart slug is almost dead.
The dart slug closely misses you.
The shadow slips into darkness.
The shadow flickers and vanishes!
You hit the dart slug but do no damage.
The dart slug is poisoned.
The dart slug is almost dead.
You kill the dart slug!
The shadow strikes at you from the darkness!
Reactivating autopickup.
The shadow strikes at you from the darkness!
Ouch! That really hurt!
* * * LOW HITPOINT WARNING * * *
You hit the shadow. You burn the shadow.
The shadow is lightly damaged.
The shadow closely misses you.
You riposte.
You hit the shadow.
The shadow seems to slow down.
The shadow is lightly damaged.
The shadow hits you!
You die...

#..#...##...#...#
#.8..8.
#...#..##..#....#
#......
#....#....#.....#
#......
#.....#..#.......
#......
#..##..##..##....
#......
#..##..##..##...
.#......
#.....#..#....#
.......<
#....#.).W#...#
.#......
#...#..##@W# .#
#...... #..#...
#.†.# # #......
###.... .....#
#......
..............
#......
.w#.#.#.####....#
#.8..8. ..#.#.#.
....# #..÷÷.. #(
...# # ...#


You could see 2 shadows.

Vanquished Creatures
  3 dart slugs (D:1)
  A leopard gecko (D:1)
  A ball python (D:1)
  A giant cockroach (D:1)
  7 goblins (D:1)
  2 hobgoblins (D:1)
  2 jackals (D:1)
  4 bats (D:1)
  2 frilled lizards (D:1)
  2 kobolds (D:1)
  2 rats (D:1)
27 creatures vanquished.

Notes
Turn   | Place    | Note
-------+----------+-------------------------------------------
     0 | D:1      | luca467 the Mummy Chaos Knight began the quest for the Orb.
     0 | D:1      | Reached XP level 1. HP: 18/18 MP: 1/1
   149 | D:1      | Reached XP level 2. HP: 21/24 MP: 2/2
   270 | D:1      | XOM: harmless Hex miscast
   340 | D:1      | XOM: silly message
   449 | D:1      | XOM: silly message
   557 | D:1      | XOM: potion effect (brilliance)
   662 | D:1      | XOM: harmless Air miscast
   666 | D:1      | Reached XP level 3. HP: 26/29 MP: 3/3
   677 | D:1      | XOM: medium Necr miscast
   678 | D:1      | Noticed a shadow
   678 | D:1      | Noticed a shadow
   681 | D:1      | Slain by a shadow

Vault maps used:
D:1:      giann_forest_graveyard, minivault_26

Skill      XL: |  1  2 |
---------------+-------+-----
Long Blades    | 3 |  3.4
Fighting       | |  3.2
Armour         | |  1.5
Dodging        | |  0.7

Action                   || total
-------------------------++-------
Melee: Falchion          ||    81
Armor: Leather armour    ||    34
Dodge: Dodged            ||    46
       Rpst.: Falchion   ||    14

Table legend:
 A = Spawn XP
 B = Non-spawn XP
 C = Spawn XP percentage of total XP
 D = Spawn monster count
 E = Non-spawn monster count
 F = Spawn count percentage of total count
 G = Total turns spent on level
                    A         B        C        D         E        F      G
               +---------+---------+-------+---------+---------+-------+---------
         Total |       0 |      52 |   0.0 |       0 |      27 |   0.0 |   681
               +---------+---------+-------+---------+---------+-------+---------
           D:1 |       0 |      52 |   0.0 |       0 |      27 |   0.0 |   681
               +---------+---------+-------+---------+---------+-------+---------
